EVO
OHIO STATE UNIVERSITY BUCKEYES @ PENNSYLVANIA STATE UNIVERSITY NITTANY LIONS
07/07/2047
 
TOP OF THE 1ST
Ohio State University Buckeyes batting - Pitching for Pennsylvania State University Nittany Lions : RHP Vicente Garcia
Pitching: RHP Vicente Garcia
Batting: RHB Mike Tarantino 0-0: Ball
1-0: Ground out 5-3 (Groundball, 56, EV 103.1 MPH)
Batting: LHB Anthony Ross 0-0: Swinging Strike
0-1: Ball
1-1: Ball
2-1: Ball
3-1: Foul Ball, location: 2F
3-2: Foul Ball, location: 2F
3-2: SINGLE (Groundball, 4D, EV 110.0 MPH)
Batting: RHB Tristan Gimple 0-0: Ball
1-0: Foul Ball, location: 2F
1-1: Ball
2-1: Foul Ball, location: 2F
2-2: Foul Ball, location: 2F
2-2: Ball
3-2: Strikes out swinging
Batting: LHB Tony Abascal 0-0: Swinging Strike
0-1: Ball
1-1: Foul Ball, location: 2F
1-2: Ball
2-2: Ball
3-2: Strikes out swinging
Top of the 1st over - 0 runs, 1 hit, 0 errors, 1 left on base; Ohio State University 0 - Pennsylvania State University 0
BOTTOM OF THE 1ST
Pennsylvania State University Nittany Lions batting - Pitching for Ohio State University Buckeyes : RHP Billy Emerson
Pitching: RHP Billy Emerson
Batting: RHB Pete Martin 0-0: Swinging Strike
0-1: Ball
1-1: DOUBLE (Line Drive, 9LM, EV 98.8 MPH)
Batting: RHB Jesse Bandt 0-0: Ball
1-0: Called Strike
1-1: Called Strike
1-2: Strikes out swinging
Batting: RHB Josh Ebeling 0-0: Swinging Strike
0-1: Ground out 6-3 (Groundball, 6, EV 105.6 MPH)
Batting: RHB Victor Victorino 0-0: Foul Ball, location: 2F
0-1: Fly out, F7 (Flyball, 7S, EV 88.8 MPH)
Bottom of the 1st over - 0 runs, 1 hit, 0 errors, 1 left on base; Ohio State University 0 - Pennsylvania State University 0
TOP OF THE 2ND
Ohio State University Buckeyes batting - Pitching for Pennsylvania State University Nittany Lions : RHP Vicente Garcia
Batting: RHB Masatoshi Mori 0-0: Ball
1-0: Foul Ball, location: 2F
1-1: SOLO HOME RUN (Flyball, 7D, EV 112.5 MPH), Distance : 408 ft
Batting: RHB Bo Wu 0-0: Fly out, F9 (Flyball, 9, EV 80.0 MPH)
Batting: LHB Adam Simpson 0-0: Ground out U3 (Groundball, 3, EV 81.2 MPH)
Batting: RHB Marcelo Bardelli 0-0: Ball
1-0: Swinging Strike
1-1: Ball
2-1: Fly out, F9 (Flyball, 9, EV 78.8 MPH)
Top of the 2nd over - 1 run, 1 hit, 0 errors, 0 left on base; Ohio State University 1 - Pennsylvania State University 0
BOTTOM OF THE 2ND
Pennsylvania State University Nittany Lions batting - Pitching for Ohio State University Buckeyes : RHP Billy Emerson
Batting: RHB Guy Jock 0-0: Called Strike
0-1: Foul Ball, location: 2F
0-2: Strikes out swinging
Batting: RHB Kevin Claus 0-0: Ball
1-0: Ground out 5-3 (Groundball, 56S, EV 88.1 MPH)
Batting: RHB Perry Brantley 0-0: Ground out 4-3 (Groundball, 4, EV 85.0 MPH)
Bottom of the 2nd over - 0 runs, 0 hits, 0 errors, 0 left on base; Ohio State University 1 - Pennsylvania State University 0
TOP OF THE 3RD
Ohio State University Buckeyes batting - Pitching for Pennsylvania State University Nittany Lions : RHP Vicente Garcia
Batting: RHB Bill Daniel 0-0: Called Strike
0-1: Ball
1-1: Foul Ball, location: 2F
1-2: SINGLE (Groundball, 4D, EV 96.2 MPH)
Batting: RHB Mike Tarantino 0-0: Called Strike
0-1: Ball
1-1: 2-RUN HOME RUN (Line Drive, 7LD, EV 101.2 MPH), Distance : 391 ft
Batting: LHB Anthony Ross 0-0: Foul Ball, location: 2F
0-1: SINGLE (Flyball, 6D, EV 88.8 MPH)
Batting: RHB Tristan Gimple 0-0: Called Strike
0-1: Ball
1-1: Swinging Strike
1-2: Strikes out looking
Batting: LHB Tony Abascal 0-0: Grounds into double play, 5-4-3 (Groundball, 56, EV 88.8 MPH)
Top of the 3rd over - 2 runs, 3 hits, 0 errors, 0 left on base; Ohio State University 3 - Pennsylvania State University 0
BOTTOM OF THE 3RD
Pennsylvania State University Nittany Lions batting - Pitching for Ohio State University Buckeyes : RHP Billy Emerson
Batting: LHB Dan Lape 0-0: Ball
1-0: Fly out, F7 (Flyball, 78S, EV 91.9 MPH)
Batting: RHB James Steinmetz 0-0: Foul Ball, location: 2F
0-1: Foul Ball, location: 2F
0-2: Fly out, F8 (Flyball, 8LD, EV 98.1 MPH)
Batting: RHB Pete Martin 0-0: Ball
1-0: Swinging Strike
1-1: Fly out, F9 (Line Drive, 9S, EV 93.1 MPH)
Bottom of the 3rd over - 0 runs, 0 hits, 0 errors, 0 left on base; Ohio State University 3 - Pennsylvania State University 0
TOP OF THE 4TH
Ohio State University Buckeyes batting - Pitching for Pennsylvania State University Nittany Lions : RHP Vicente Garcia
Batting: RHB Masatoshi Mori 0-0: Called Strike
0-1: Foul Ball, location: 2F
0-2: Foul Ball, location: 2F
0-2: Ball
1-2: Fly out, F8 (Flyball, 8RM, EV 95.0 MPH)
Batting: RHB Bo Wu 0-0: Ball
1-0: Ball
2-0: Called Strike
2-1: Swinging Strike
2-2: Strikes out swinging
Batting: LHB Adam Simpson 0-0: Ball
1-0: Ball
2-0: Called Strike
2-1: Foul Ball, location: 2F
2-2: Ball
3-2: Strikes out swinging
Top of the 4th over - 0 runs, 0 hits, 0 errors, 0 left on base; Ohio State University 3 - Pennsylvania State University 0
BOTTOM OF THE 4TH
Pennsylvania State University Nittany Lions batting - Pitching for Ohio State University Buckeyes : RHP Billy Emerson
Batting: RHB Jesse Bandt 0-0: Called Strike
0-1: Ball
1-1: Ball
2-1: SINGLE (Flyball, 3D, EV 84.4 MPH)
Batting: RHB Josh Ebeling 0-0: Ball
1-0: Ball
Wild Pitch!
Jesse Bandt to second
2-0: Ball
3-0: Called Strike
3-1: Foul Ball, location: 2F
3-2: SINGLE (Groundball, 56D, EV 110.6 MPH)
Jesse Bandt to third
Batting: RHB Victor Victorino 0-0: Ball
1-0: Ball
2-0: SINGLE (Line Drive, 9S, EV 91.2 MPH)
Jesse Bandt scores
Josh Ebeling to second
Batting: RHB Guy Jock 0-0: Called Strike
0-1: Called Strike
0-2: Ball
1-2: Foul Ball, location: 2F
1-2: Fly out, F8 (Flyball, 8RM, EV 93.8 MPH)
Batting: RHB Kevin Claus 0-0: Called Strike
0-1: Ball
1-1: Foul Ball, location: 2F
1-2: Ball
2-2: SINGLE (Line Drive, 56D, EV 102.5 MPH)
Josh Ebeling to third
Victor Victorino to second
Batting: RHB Perry Brantley 0-0: Foul Ball, location: 2F
0-1: Grounds into fielders choice 1-2 (Groundball, 13, EV 69.4 MPH)
Victor Victorino to third
Kevin Claus to second
Batting: LHB Dan Lape 0-0: Ball
1-0: Ball
2-0: Fly out, F2 (Popup, 2R, EV 91.9 MPH)
Bottom of the 4th over - 1 run, 4 hits, 0 errors, 3 left on base; Ohio State University 3 - Pennsylvania State University 1
TOP OF THE 5TH
Ohio State University Buckeyes batting - Pitching for Pennsylvania State University Nittany Lions : RHP Vicente Garcia
Batting: RHB Marcelo Bardelli 0-0: Ball
1-0: Ball
2-0: Called Strike
2-1: Fly out, F7 (Flyball, 7, EV 98.8 MPH)
Batting: RHB Bill Daniel 0-0: Ball
1-0: Ball
2-0: Ball
3-0: Base on Balls
Batting: RHB Mike Tarantino 0-0: Foul Ball, location: 2F
0-1: Called Strike
0-2: Foul Ball, location: 2F
0-2: Ball
1-2: Ball
2-2: Ball
3-2: Foul Ball, location: 2F
3-2: SINGLE (Groundball, 15S, EV 60.6 MPH) (infield hit)
Bill Daniel to second
Pitching: LHP John McDonald
Batting: LHB Anthony Ross 0-0: Swinging Strike
0-1: Called Strike
0-2: Strikes out swinging
Pinch Hitting: RHB Jacob Carrano 0-0: Ball
1-0: Called Strike
1-1: Foul Ball, location: 2F
1-2: Ball
2-2: Ball
3-2: Ground out 6-3 (Groundball, 6, EV 78.1 MPH)
Top of the 5th over - 0 runs, 1 hit, 0 errors, 2 left on base; Ohio State University 3 - Pennsylvania State University 1
BOTTOM OF THE 5TH
Pennsylvania State University Nittany Lions batting - Pitching for Ohio State University Buckeyes : RHP Billy Emerson
Now at C: Josh Dinsmore
Now at 1B: Mike Tarantino
Now at SS: Jacob Carrano
Batting: RHB James Steinmetz 0-0: Called Strike
0-1: Fly out, F8 (Flyball, 8RM, EV 88.1 MPH)
Batting: RHB Pete Martin 0-0: Ball
1-0: Ball
2-0: Foul Ball, location: 2F
2-1: Fly out, F4 (Popup, 3S, EV 86.9 MPH)
Batting: RHB Jesse Bandt 0-0: Called Strike
0-1: Ball
1-1: Ball
2-1: Ball
3-1: Called Strike
3-2: Foul Ball, location: 2F
3-2: Strikes out swinging
Bottom of the 5th over - 0 runs, 0 hits, 0 errors, 0 left on base; Ohio State University 3 - Pennsylvania State University 1
TOP OF THE 6TH
Ohio State University Buckeyes batting - Pitching for Pennsylvania State University Nittany Lions : LHP John McDonald
Pitching: LHP Willie Vicente
Pinch Hitting: LHB Zach Brandt 0-0: Ball
1-0: Fly out, F9 (Flyball, 89S, EV 90.6 MPH)
Batting: RHB David Guillen 0-0: Ball
1-0: Foul Ball, location: 2F
1-1: Ball
2-1: Called Strike
2-2: Ball
3-2: Fly out, F8 (Line Drive, 8RD, EV 111.2 MPH)
Batting: RHB Bo Wu 0-0: Called Strike
0-1: Foul Ball, location: 2F
0-2: Ball
1-2: Ball
2-2: Fly out, F8 (Flyball, 8LD, EV 85.0 MPH)
Top of the 6th over - 0 runs, 0 hits, 0 errors, 0 left on base; Ohio State University 3 - Pennsylvania State University 1
BOTTOM OF THE 6TH
Pennsylvania State University Nittany Lions batting - Pitching for Ohio State University Buckeyes : RHP Billy Emerson
Pitching: RHP Josh Henderson
Now in CF: Zach Brandt
Batting: RHB Josh Ebeling 0-0: Called Strike
0-1: Called Strike
0-2: Foul Ball, location: 2F
0-2: Ball
1-2: Ball
2-2: Ball
3-2: Fly out, F8 (Flyball, 89M, EV 81.9 MPH)
Batting: RHB Victor Victorino 0-0: Ball
1-0: Ground out 4-3 (Groundball, 34, EV 93.1 MPH)
Pinch Hitting: RHB Rob Hinojosa 0-0: Ball
1-0: Ball
2-0: SINGLE (Line Drive, 7LS, EV 98.1 MPH)
Batting: RHB Joe Strachan 0-0: Foul Ball, location: 2F
0-1: Swinging Strike
0-2: Ball
1-2: Ball
2-2: Fly out, F7 (Flyball, BS1, EV 88.1 MPH)
Bottom of the 6th over - 0 runs, 1 hit, 0 errors, 1 left on base; Ohio State University 3 - Pennsylvania State University 1
TOP OF THE 7TH
Ohio State University Buckeyes batting - Pitching for Pennsylvania State University Nittany Lions : LHP Willie Vicente
Pitching: RHP Hector Guzman
Now in RF: Rob Hinojosa
Batting: LHB Adam Simpson 0-0: Called Strike
0-1: Fly out, F8 (Flyball, 8RD, EV 98.8 MPH)
Batting: RHB Marcelo Bardelli 0-0: Ball
1-0: Swinging Strike
1-1: Ball
2-1: Foul Ball, location: 2F
2-2: Strikes out looking
Batting: RHB Josh Dinsmore 0-0: Ball
1-0: Ball
2-0: Ball
3-0: Called Strike
3-1: Fly out, F8 (Line Drive, 8RD, EV 90.0 MPH)
Top of the 7th over - 0 runs, 0 hits, 0 errors, 0 left on base; Ohio State University 3 - Pennsylvania State University 1
BOTTOM OF THE 7TH
Pennsylvania State University Nittany Lions batting - Pitching for Ohio State University Buckeyes : RHP Josh Henderson
Batting: RHB Perry Brantley 0-0: Foul Ball, location: 2F
0-1: Called Strike
0-2: Foul Ball, location: 2F
0-2: Ball
1-2: Ball
2-2: Ball
3-2: Strikes out swinging
Batting: LHB Dan Lape 0-0: Foul Ball, location: 2F
0-1: Called Strike
0-2: Strikes out swinging
Batting: RHB James Steinmetz 0-0: Swinging Strike
0-1: Ground out 6-3 (Groundball, 6, EV 85.6 MPH)
Bottom of the 7th over - 0 runs, 0 hits, 0 errors, 0 left on base; Ohio State University 3 - Pennsylvania State University 1
TOP OF THE 8TH
Ohio State University Buckeyes batting - Pitching for Pennsylvania State University Nittany Lions : RHP Hector Guzman
Pitching: RHP Jamie Galarza
Batting: RHB Mike Tarantino 0-0: Foul Ball, location: 2F
0-1: Ball
1-1: Swinging Strike
1-2: Fly out, F9 (Flyball, 89D, EV 96.9 MPH)
Batting: LHB Anthony Ross 0-0: Called Strike
0-1: Hit by Pitch
Batting: RHB Jacob Carrano 0-0: Swinging Strike
0-1: Swinging Strike
0-2: Strikes out swinging
Batting: LHB Zach Brandt 0-0: Called Strike
0-1: Foul Ball, location: 2F
0-2: Strikes out swinging
Top of the 8th over - 0 runs, 0 hits, 0 errors, 1 left on base; Ohio State University 3 - Pennsylvania State University 1
BOTTOM OF THE 8TH
Pennsylvania State University Nittany Lions batting - Pitching for Ohio State University Buckeyes : RHP Josh Henderson
Pitching: LHP Chase Smith
Batting: RHB Pete Martin 0-0: Ball
1-0: Ball
2-0: Ball
3-0: Fly out, F9 (Line Drive, 9LM, EV 95.0 MPH)
Pinch Hitting: RHB Francisco Velazquez 0-0: Ball
1-0: Fly out, F9 (Flyball, 9, EV 90.0 MPH)
Batting: RHB Josh Ebeling 0-0: Ball
1-0: Called Strike
1-1: Ball
2-1: Foul Ball, location: 2F
2-2: Foul Ball, location: 2F
2-2: Ball
3-2: Base on Balls
Batting: RHB Victor Victorino 0-0: Called Strike
0-1: Called Strike
0-2: Ball
1-2: Strikes out looking
Bottom of the 8th over - 0 runs, 0 hits, 0 errors, 1 left on base; Ohio State University 3 - Pennsylvania State University 1
TOP OF THE 9TH
Ohio State University Buckeyes batting - Pitching for Pennsylvania State University Nittany Lions : RHP Jamie Galarza
Pitching: RHP Tony Corona
Now at 2B: Francisco Velazquez
Batting: RHB David Guillen 0-0: Ball
1-0: Called Strike
1-1: Foul Ball, location: 2F
1-2: Ball
2-2: Ball
3-2: Foul Ball, location: 2F
3-2: Base on Balls
Batting: RHB Bo Wu 0-0: Ball
Wild Pitch!
David Guillen to second
1-0: Ball
2-0: Ground out 3-1 (Groundball, 34S, EV 76.9 MPH)
David Guillen to third
Batting: LHB Adam Simpson 0-0: Ball
1-0: Ball
2-0: Foul Ball, location: 2F
2-1: Swinging Strike
2-2: Foul Ball, location: 2F
2-2: Strikes out swinging
Batting: RHB Marcelo Bardelli 0-0: DOUBLE (Flyball, 8LD, EV 91.9 MPH)
David Guillen scores
Batting: RHB Josh Dinsmore 0-0: Swinging Strike
0-1: 2-RUN HOME RUN (Flyball, 7D, EV 106.9 MPH), Distance : 410 ft
Pitching: LHP Roberto Mendez
Batting: RHB Mike Tarantino 0-0: Foul Ball, location: 2F
0-1: Swinging Strike
0-2: Strikes out swinging
Top of the 9th over - 3 runs, 2 hits, 0 errors, 0 left on base; Ohio State University 6 - Pennsylvania State University 1
BOTTOM OF THE 9TH
Pennsylvania State University Nittany Lions batting - Pitching for Ohio State University Buckeyes : LHP Chase Smith
Pitching: RHP Danny Arnold
Batting: RHB Rob Hinojosa 0-0: SINGLE (Groundball, 4MD, EV 84.4 MPH) (infield hit)
Batting: RHB Joe Strachan 0-0: SINGLE (Groundball, 6MD, EV 95.0 MPH)
Rob Hinojosa to second
Batting: RHB Perry Brantley 0-0: Ball
1-0: Fielders Choice at 2nd, 6-4 (Groundball, 6, EV 87.5 MPH)
Rob Hinojosa to third
Pinch Hitting: RHB Zachary Roberts 0-0: SINGLE (Groundball, 56D, EV 96.2 MPH)
Rob Hinojosa scores
Perry Brantley to second
Batting: RHB James Steinmetz 0-0: Reached on error, E5 (Groundball, 56, EV 82.5 MPH)
Perry Brantley to third
Zachary Roberts to second
Batting: RHB Pete Martin 0-0: Called Strike
0-1: Ball
1-1: Called Strike
1-2: Foul Ball, location: 2F
1-2: Ball
2-2: Grounds into fielders choice 1-2 (Groundball, 13S, EV 68.1 MPH)
Zachary Roberts to third
James Steinmetz to second
Batting: RHB Francisco Velazquez 0-0: SINGLE (Groundball, 56S, EV 96.9 MPH)
Zachary Roberts scores
James Steinmetz to third
Pete Martin to second
Batting: RHB Josh Ebeling 0-0: SINGLE (Groundball, 56D, EV 106.2 MPH)
James Steinmetz scores
Pete Martin to third
Francisco Velazquez to second
Batting: RHB Victor Victorino 0-0: Called Strike
0-1: Ball
Wild Pitch!
Pete Martin scores
Francisco Velazquez to third
Josh Ebeling to second
1-1: Ball
2-1: Called Strike
2-2: Strikes out swinging
Bottom of the 9th over - 4 runs, 5 hits, 1 error, 2 left on base; Ohio State University 6 - Pennsylvania State University 5
Thursday, December 15th , 2022 - OOTP Baseball 23.9 Build 102